Cogmind - Beta 15 *** ADVENTURER MODE // 2025.06.25 @ 18:37:43 Player: AUSBird Result: Destroyed by Y-45 Defender with Heavy Assault Rifle Performance ------------- Evolutions (2) 1000 Regions Visited (3) 600 Robots Destroyed (33) 165 Value Destroyed (1014) 1014 Prototype IDs (2) 40 Alien Tech Used (0) 0 Bonus (0) 0 TOTAL SCORE: 2819 Bonus ------- None Cogmind --------- Core Integrity 0/550 Matter 300/300 Energy 99/100 System Corruption 0% Temperature Cool (9) Movement Core (100) Ox1 Location -8/Materials Parts ------- > --- POWER (2) -------- (None) > --- PROPULSION (3) --- (None) > --- UTILITY (2) ------ Advanced Targeting Computer Hacking Suite > --- WEAPON (4) ------- Heavy Particle Gun Advanced Beam Rifle > --- INVENTORY (5) ---- Light Nuclear Core Compact Battery (200) Melee Analysis Suite Hardlight Generator Peak State ------------ > --- POWER ------------ Light Ion Engine Light Ion Engine > --- PROPULSION ------- Improved Hover Unit Improved Hover Unit Cesium-ion Thruster > --- UTILITY ---------- Medium Matter Pod Visual Processing Unit > --- WEAPON ----------- EMP Blaster Mining Laser Heavy Mace Heavy Mace > --- INVENTORY -------- Compact Battery Compact Battery [Rating: 21] Favorites ----------- Power Light Ion Engine Engine Light Ion Engine Power Core Nuclear Core Propulsion Improved Hover Unit Treads Advanced Treads Leg Aluminum Leg Hover Unit Improved Hover Unit Flight Unit Cesium-ion Thruster Utility Visual Processing Unit Device Seismic Detector Storage Medium Matter Pod Processor Visual Processing Unit Hackware Hacking Suite Protection Hardened Light Armor Plating Weapon Assault Rifle Energy Gun Advanced Beam Rifle Ballistic Gun Assault Rifle Launcher EMP Blaster Special Weapon Mining Laser Impact Weapon Heavy Mace Build | -11 -10 -9 -8 ------- Run | Yrd Mat Mat Mat Slots Evolved 4 | . . 2 2 Power 1 | . . 1 . Propulsion 1 | . . . 1 Utility . | . . . . Weapon 2 | . . 1 1 Parts Attached 34 | 6 2 9 17 Power 3 | 1 . 1 1 Engine 2 | 1 . 1 . Core 1 | . . . 1 Reactor . | . . . . Propulsion 7 | 2 . 2 3 Treads 1 | . . . 1 Leg 2 | 2 . . . Wheel . | . . . . Hover 2 | . . 2 . Flight 2 | . . . 2 Utility 11 | 1 1 4 5 Device 2 | . 1 . 1 Storage 5 | 1 . 3 1 Processor 2 | . . 1 1 Hackware 1 | . . . 1 Protection 1 | . . . 1 Artifact . | . . . . Weapon 13 | 2 1 2 8 Energy Gun 4 | . . . 4 Energy Cannon . | . . . . Ballistic Gun 4 | 2 . . 2 Ballistic Cannon . | . . . . Launcher 2 | . 1 1 . Special Weapon 1 | . . 1 . Impact Weapon 2 | . . . 2 Slashing Weapon . | . . . . Piercing Weapon . | . . . . Special Melee Weapon . | . . . . Unidentified Prototypes 2 | . . . 2 Parts Lost 19 | . 5 1 13 Power 3 | . . . 3 Propulsion 5 | . 2 . 3 Utility 3 | . 2 . 1 Weapon 8 | . 1 1 6 Highest Loss Streak 5 | . 5 1 4 To Critical Strikes . | . . . . Average Backups 3 | 3 4 3 3 Power . | . 1 . . Propulsion . | 1 . 1 . Utility 2 | . 1 1 2 Weapon . | 1 1 1 . Tool/Special . | . . . . Unused Backups 22 | 3 5 8 6 Power 2 | . 1 . 1 Propulsion 9 | 3 . 6 . Utility 7 | . 3 . 4 Weapon 4 | . 1 2 1 Tool/Special . | . . . . Average Slot Usage (%) 67 | . 90 86 48 Engine 10 | . 14 22 4 Treads 1 | . . . 3 Leg 5 | . 24 . . Hover 6 | . . 17 3 Flight 1 | . . . 2 Device 2 | . 11 . . Storage 5 | . 12 8 1 Processor 9 | . . 8 13 Energy Gun 4 | . . . 8 Ballistic Gun 9 | . 24 10 3 Launcher 3 | . 2 8 . Special Weapon 2 | . . 10 . Impact Weapon 3 | . . . 6 Peak Build Rating 21 | 6 7 14 21 Average Rating 11 | 4 6 11 14 On Entrance 5 | . 6 2 13 Naked Turns . | . . . . Heaviest Build 17 | 7 10 15 17 Greatest Support 22 | 20 20 14 22 Greatest Overweight (x) 4 | . 1 2 4 Average Overweight (x) . | . . . . Largest Inventory Capacity 20 | 5 5 20 5 Average Capacity 5 | 5 5 5 5 Most Carried 5 | 5 5 5 5 Average Carried 3 | 3 4 4 3 Final Capacity 5 | 5 5 5 5 Final Carried 5 | 5 4 5 4 Class Distribution -------------------- 75% | Mutant 18% | Skirmisher 5% | Hacker-Mutant Dominant Class ---------------- Mutant | -10/Materials Skirmisher | -9/Materials Mutant | -8/Materials Resources | -11 -10 -9 -8 ----------- Run | Yrd Mat Mat Mat Matter Collected 790 | 329 . 60 401 Remotely . | . . . . Salvage Created 1192 | 89 121 60 922 Parts 66 | 10 10 7 39 Haulers Intercepted 2 | . 1 . 1 Recyclers Shooed . | . . . . Parts Field Recycled . | . . . . Retrieved Matter . | . . . . Parts Self-Destructed . | . . . . Prevented . | . . . . Kills | -11 -10 -9 -8 ------- Run | Yrd Mat Mat Mat Combat Hostiles Destroyed 27 | 1 5 1 20 Melee 4 | . . . 4 Guns 18 | 1 3 1 13 AOE 2 | . 2 . . Classes Destroyed 7 | 3 2 1 1 Worker 2 | 1 . . 1 Tunneler 2 | 2 . . . Hauler 2 | . 1 . 1 Swarmer 7 | . 3 . 4 Grunt 14 | 1 2 . 11 Duelist 1 | . . . 1 Sentry 5 | . . 1 4 Best Kill Streak 6 | 3 5 1 6 Combat Bots Only 6 | 1 4 1 6 Max Kills in Single Turn 2 | 1 1 1 2 Gunslinging 1 | . . . 1 Exploded 1 | . 1 . . Melee 1 | . . . 1 Uniques/NPCs Destroyed . | . . . . Combat | -11 -10 -9 -8 -------- Run | Yrd Mat Mat Mat Hostile Shots Fired 260 | 3 31 12 214 Missed 80 | . 8 2 70 Hits 180 | 3 23 10 144 Melee 1 | . . . 1 Projectile 179 | 3 23 10 143 Critical Strikes 2 | . . . 2 Damage Taken 2363 | 24 569 112 1658 Core 663 | 8 76 20 559 Absorbed by Shields 4 | . . . 4 Ignored by Resistances 615 | 7 91 34 483 Core Remaining (%) 85 | 96 66 95 . Volleys Fired 93 | 12 17 5 59 Largest 2 | 2 2 2 2 Hottest 116 | 40 50 53 116 Shots Fired 152 | 24 27 7 94 Gun 138 | 24 19 5 90 Cannon . | . . . . Launcher 14 | . 8 2 4 Special . | . . . . Kinetic 101 | 24 19 5 53 Thermal 37 | . . . 37 Explosive 8 | . 8 . . Electromagnetic 6 | . . 2 4 Robot Hit Streak 67 | 11 4 5 67 Robot Miss Streak 6 | 1 6 1 1 Penetration Max . | . . . . Secondary Targets 4 | . . . 4 Max Gunslinging Chain 1 | . . . 1 Shots Hit Robots 132 | 18 13 6 95 Core Hits 56 | 7 9 2 38 Critical Kills 1 | . . . 1 Critical Parts Destroyed 3 | . . . 3 Critical Strikes 5 | . . . 5 Burn 1 | . . . 1 Destroy 1 | . . . 1 Smash 3 | . . . 3 Melee Attacks 12 | . . . 12 Impact 12 | . . . 12 Slashing . | . . . . Piercing . | . . . . Sneak Attacks 1 | . . . 1 Combat Hostiles . | . . . . Follow-up Attacks . | . . . . Damage Inflicted 2284 | 185 333 84 1682 Guns 1374 | 185 115 61 1013 Cannons . | . . . . Explosions 311 | . 218 23 70 Melee 596 | . . . 596 Ramming 3 | . . . 3 Kinetic 784 | 185 115 61 423 Thermal 590 | . . . 590 Explosive 218 | . 218 . . Electromagnetic 93 | . . 23 70 Impact 596 | . . . 596 Slashing . | . . . . Piercing . | . . . . Highest Corruption 13 | . 13 1 . Average Corruption 4 | . 13 1 . Corruption Purged . | . . . . Corruption Blocked . | . . . . Effects 3 | . 3 . . Message Errors 1 | . 1 . . Heat Flow Errors 2 | . 2 . . Overload Shots . | . . . . Overflow Damage 285 | . . . 285 Projectiles . | . . . . Explosions . | . . . . Melee 285 | . . . 285 Knockbacks 1 | . . . 1 Impact 1 | . . . 1 Kinetic . | . . . . Secondary . | . . . . Self-Inflicted Damage 152 | . 134 15 3 Shots 9 | . 6 2 1 Rammed 2 | . . . 2 Targets Rammed 2 | . . . 2 Kicked . | . . . . Crushed . | . . . . Highest Temperature 215 | 12 162 24 215 Average Temperature 65 | 9 54 14 73 Received Heat Transfer 1176 | 18 78 57 1023 Siege Activations . | . . . . Martial Activations . | . . . . Shielding Activations . | . . . . Robots Disrupted . | . . . . Combat Hostiles . | . . . . Robots Corrupted 4 | . . . 4 Combat Hostiles 3 | . . . 3 Parts Fried 6 | . . . 6 Impact Corruptions 8 | . . . 8 Robots Melted . | . . . . Combat Hostiles . | . . . . Parts Melted 1 | . . . 1 Heat Transferred 1406 | . . . 1406 Parts Sabotaged . | . . . . Parts Stolen . | . . . . Parts Stripped . | . . . . Power Chain Reactions . | . . . . Alert | -11 -10 -9 -8 ------- Run | Yrd Mat Mat Mat Maximum Alert Level 1 | . . . 1 Low Security (%) 93 | 100 100 100 87 Level 1 6 | . . . 12 Level 2 . | . . . . Level 3 . | . . . . Level 4 . | . . . . Level 5 . | . . . . High Security . | . . . . Max Security . | . . . . Peak Influence 304 | 25 120 45 304 Initial 36 | . 5 36 16 Average 66 | 6 18 7 122 Influence Increases 1162 | 35 217 87 823 Destroy 0b10 Robot/C 540 | 20 100 20 400 Destroy 0b10 Robot/NC 30 | 15 5 . 10 Destroy Leader 124 | . 12 10 102 Successful Hack 20 | . . 12 8 Disable Machine 27 | . 9 . 18 Destroy Structure 46 | . 46 . . Partial Spotted 15 | . 15 . . Lose Combat Pursuer 360 | . 30 45 285 Influence Decreases 878 | 25 125 144 584 Entered New Map 100 | . 5 66 29 Time Decay 618 | 25 70 78 445 Lost Part 160 | . 50 . 110 Squads Dispatched 9 | . 1 4 4 Investigation 2 | . 1 1 . Extermination . | . . . . Reinforcement 7 | . . 3 4 Assault . | . . . . Garrison . | . . . . Intercept . | . . . . Searches Triggered . | . . . . Construction Impeded . | . . . . Haulers Reinforced . | . . . . Active Scanning Responses . | . . . . Cargo Convoy Interrupts . | . . . . Stealth | -11 -10 -9 -8 --------- Run | Yrd Mat Mat Mat Distress Signals 2 | . 1 . 1 Communications Jammed . | . . . . Distress Signals . | . . . . Times Spotted 70 | 1 12 9 48 Peak Tracking Total 8 | 1 5 6 8 Tactical Retreats 11 | . 1 1 9 Traps | -11 -10 -9 -8 ------- Run | Yrd Mat Mat Mat Traps Triggered 2 | . 1 . 1 Indirectly . | . . . . Trap Hack Attempts . | . . . . Triggered . | . . . . Disarmed . | . . . . Reprogrammed . | . . . . Reused . | . . . . Traps Extracted . | . . . . Installed . | . . . . Triggered . | . . . . Machines | -11 -10 -9 -8 ---------- Run | Yrd Mat Mat Mat Machines Disabled 3 | . 1 . 2 Max in Single Turn 1 | . 1 . 1 Garrison Access 1 | . . . 1 Machines Repaired . | . . . . Machines Dismantled . | . . . . Machines Sabotaged . | . . . . Overloaded Fab Kills . | . . . . Hacking | -11 -10 -9 -8 --------- Run | Yrd Mat Mat Mat Machines Accessed 5 | . 1 1 3 Terminals 3 | . . 1 2 Fabricators . | . . . . Repair Stations . | . . . . Recycling Units 1 | . 1 . . Scanalyzers . | . . . . Garrison Access 1 | . . . 1 Total Hacks 14 | . 3 3 8 Successful 10 | . 3 1 6 Failed 4 | . . 2 2 Catastrophic 1 | . . 1 . Database Lockouts . | . . . . Manual . | . . . . Terminals 7 | . . 3 4 Fabricators . | . . . . Repair Stations . | . . . . Recycling Units 3 | . 3 . . Scanalyzers . | . . . . Garrison Access 4 | . . . 4 Terminal Hacks 5 | . . 1 4 Branch Access Points 1 | . . . 1 Alert Level 1 | . . . 1 Recall Assault 1 | . . . 1 Zone Layout 2 | . . 1 1 Fabricator Hacks . | . . . . Repair Station Hacks . | . . . . Recycling Unit Hacks 3 | . 3 . . Recycle Component 1 | . 1 . . Process 1 | . 1 . . Report Inventory 1 | . 1 . . Scanalyzer . | . . . . Garrison Access Hacks 2 | . . . 2 Unlock Access 1 | . . . 1 Seal Access 1 | . . . 1 Unauthorized Hacks . | . . . . Terminals . | . . . . Fabricators . | . . . . Repair Stations . | . . . . Recycling Units . | . . . . Scanalyzers . | . . . . Garrison Access . | . . . . Data Cores Recovered . | . . . . Used . | . . . . Hacking Detections 3 | . 1 1 1 Full Trace Events 1 | . . 1 . Feedback Events . | . . . . Feedback Blocked . | . . . . Robot Schematics Acquired . | . . . . Robots Built . | . . . . Authchips . | . . . . Time . | . . . . Total Robot Build Rating . | . . . . Part Schematics Acquired . | . . . . Parts Built . | . . . . Authchips . | . . . . Time . | . . . . Total Part Build Rating . | . . . . Parts Repaired . | . . . . Time . | . . . . Parts Recycled 1 | . 1 . . Recycled Matter 98 | . 98 . . Retrieved Matter . | . . . . Retrieved Components . | . . . . Parts Scanalyzed . | . . . . Part Schematics Acquired . | . . . . Parts Damaged . | . . . . Bothacking | -11 -10 -9 -8 ------------ Run | Yrd Mat Mat Mat Used RIF Installer . | . . . . Robots Hacked . | . . . . Non-combat . | . . . . Combat . | . . . . Robot Hacks Applied . | . . . . Relay Couplers Released . | . . . . Fabnet Peak Effective % . | . . . . Robots Rewired . | . . . . Allies Hacked . | . . . . Hacks Repelled . | . . . . Allies | -11 -10 -9 -8 -------- Run | Yrd Mat Mat Mat Total Allies . | . . . . Largest Group . | . . . . Highest-Rated Group . | . . . . Highest-Rated Ally . | . . . . Total Orders . | . . . . Ally Attacks . | . . . . Total Damage . | . . . . Kills . | . . . . Allies Corrupted . | . . . . Allies Melted . | . . . . Intel | -11 -10 -9 -8 ------- Run | Yrd Mat Mat Mat Active Infowar (turns) 1320 | . 322 360 638 Optics 998 | . . 360 638 Seismic 322 | . 322 . . Robot Analysis Total . | . . . . Derelict Logs Recovered . | . . . . Drone Launches . | . . . . Drone Recoveries . | . . . . Exploration | -11 -10 -9 -8 ------------- Run | Yrd Mat Mat Mat Turns Passed 2004 | 157 379 479 989 Spaces Moved 1529 | 99 279 405 746 Core 523 | 24 41 41 417 Treads 63 | . . . 63 Legs 313 | 75 238 . . Wheels . | . . . . Hover 503 | . . 364 139 Flight 127 | . . . 127 Fastest Speed 50 | 50 100 56 50 Average Speed 105 | 103 117 104 102 Slowest Speed 250 | 120 120 150 250 Overloaded Moves . | . . . . Propulsion Burnouts . | . . . . Robots Hopped . | . . . . Potential Cave-ins . | . . . . Cave-ins Triggered 1 | . 1 . . Exploration Rate (%) 30 | 8 33 30 49 Regions Visited 3 Branch Regions . Pre-discovered Areas . | . . . . Known Exits Taken . | . . . . Unknown Exits Taken 3 | 1 1 1 . Scrap Searched . | . . . . Spaces Dug . | . . . . Terrain Destroyed 47 | . 47 . . Melee . | . . . . Projectile . | . . . . AOE 47 | . 47 . . Terrain Rammed . | . . . . Walls Destroyed . | . . . . Machines Disabled . | . . . . Actions | -11 -10 -9 -8 --------- Run | Yrd Mat Mat Mat Total 1777 | 134 308 461 874 Wait 8 | 1 . 7 . Move 1526 | 98 278 404 746 Hop . | . . . . Pick Up 58 | 14 6 20 18 Fast Attach . | . . . . Attach 41 | 6 2 11 22 Detach 9 | . . 2 7 Swap . | . . . . Drop 28 | 3 5 12 8 Fire 93 | 12 17 5 59 Melee 12 | . . . 12 Ram 2 | . . . 2 Kick . | . . . . Crush . | . . . . Escape Stasis . | . . . . Rewire . | . . . . Trap . | . . . . Miscellaneous . | . . . . Route ------- -11/Scrapyard -10/Materials -9/Materials -8/Materials History --------- Turn | Location | Event 2 | -11/Scrapyard | Met Revision 17 94 | -11/Scrapyard | Discovered new exit (range 8) 158 | -11/Scrapyard | Entered Materials 304 | -10/Materials | Build established: Mutant 485 | -10/Materials | Crushed by falling debris 485 | -10/Materials | System corruption reached 10% 516 | -10/Materials | Lost 5 parts (2n2u1w) 517 | -10/Materials | Discovered new exit (range 14) 537 | -10/Materials | Entered another Materials area 537 | -9/Materials | Evolved 2 slots: Power x1, Weapon x1 920 | -9/Materials | Build established: Skirmisher 1007 | -9/Materials | Discovered new exit (range 17) 1016 | -9/Materials | Entered another Materials area 1016 | -8/Materials | Evolved 2 slots: Propulsion x1, Weapon x1 1295 | -8/Materials | Build established: Mutant 1583 | -8/Materials | Lost 4 parts (3n1w) 1604 | -8/Materials | Identified exit to Garrison 1638 | -8/Materials | Core integrity fell below 50% 1682 | -8/Materials | Lost 4 parts (1p3w) 1803 | -8/Materials | Core integrity fell below 20% 2005 | -8/Materials | Destroyed by Y-45 Defender with Heavy Assault Rifle Last Messages --------------- Y-45 Defender destroyed. Acquired 33 matter. Acquired Lgt. Nuclear Core. Acquired 10 matter. K-01 Serf cleans the Matter Pump. Connecting with Terminal... >>Alert(Check) Current Alert Level: 1-L >>Recall(Assault) Establishing remote squad link... No tasked assault squads found. K-01 Serf cleans the Matter Pump. ALERT: Hostiles spotted, dispatching reinforcements to Terminal M010. Want a larger map view with more modal windows? Or have a large enough display to fit a bigger map in exchange for smaller text? Consider selecting a different UI Layout in the option menu. [Achievement: First Step to Greatness] Map ----- +----------------------------------------------------+ | ????#[ #?? #????#############?????????? | | ????#####+###### #????+ ?????????? | | ######## #????# #??????????? | | + ### #????# #??????????? | | """ # #?# #????# #??????????? | | """ + #?# #????# #??????????? | | """ # #?# #????# #??????????? | | # #?# #????# #??????????? | | ######## #?# ###### #??????????? | | # #?# #??????????? | | # #?# #??????????? | | # #?# """ """ T #??????????? | | # ########?# """ """ #??????????? | | # #???????#" """ """ #??????????? | | # #???????#T #??????????? | | # #???????#" #?######???? | | #???????## """ """ """ #? ! ] #???? | | #????????# """ """ """ # #???? | | #????????# """ """ """ # """ #???? | | +#####???????# + """ ]#???? | | #???????# # """ #???? | | """" #???????# ?"" """ """ # #???? | | """" #???????? """ """ """ #########??? | | " #???????+ """ """ """ #??? | | % #???????# #??? | | " #???????# ! @ #??? | | " #???????# ####### #??? | | #??????????????????###### Y #??? | | #???????????????????????###+####### #??? | | ######???????????????????????# #??# #??? | | ?????????????????????????????# """ #??# #??? | | ?????????????????????????????# """ #??# #??? | | ?????????????????????????????# """ #??# #??? | | ?????????????????????????????# =#??# #??? | | ?????????????????????????????# #??# #??? | | ?????????????????????????????########?? ??? | | ??????????????????????????????????????? ??? | | ??????????????????????????????????????? ??? | | ??????????????????????????????????????? ??? | | ??????????????????????????????????????? ??? | | ??????????????????????????????????????? ??? | | ??????????????????????????????????????? ??? | | ??????????????????????????????????????? ??? | | ??????????????????????????????????????? ??? | | ????????????????????????????????????????????? | | ????????????????????????????????????????????? | | ????????????????????????????????????????????? | | ????????????????????????????????????????????? | | ????????????????????????????????????????????? | | ????????????????????????????????????????????? | +----------------------------------------------------+ Best States ------------- Heat Dissipation 31 Energy Generation 15 Energy Capacity 350 Matter Stores 350 Matter Capacity 400 Sight Range 18 Terrain Scan Density 10 Armor Coverage 150 Resistance: KI 20 Resistance: TH 20 Resistance: EX 20 Resistance: EM 20 Resistance: I 20 Resistance: S 20 Resistance: P 20 Evasion (%) 59 Targeting Accuracy 8 Recoil Reduction 1 Offensive Hacking 20 Item Schematics ----------------- None Robot Schematics ------------------ None Fabricated ------------ Nothing Repaired ---------- Nothing Alien Tech Used ----------------- None Achievements -------------- Crack Shot First Step to Greatness Let's See Who's Tougher Loot Pinata One Hack Too Far Power Corrupts Risk Taker Storm Trooper System Compromised Uninvited Guest Unlikely Earthworm Challenges ------------ None Game ------ Seed ReactionRingTrident Manual? 0 Play Time 00:44:44 Cumulative 0.7 hours Start 2025.06.16 @ 19:55:03 End 2025.06.25 @ 18:37:43 Sessions 5 Manual Loads 0 Difficulty Adventurer Special Mode None Game No. 1 Rogue 0 Adventurer 1 Explorer 0 Win Type - Total 0 Types 0/0/0/0/0/0/0/0/0/0 Lore% 0 Gallery% 2 Achievement% 4 Wizard Run 0 Options --------- Layout 1 ASCII 0 Keyboard 0 Movement Mouse Keybinds 0 Fullscreen 2 Font 28/SmallcapsGlow Map View 50x43 Zoom Use 0% Tactical HUD 0 Map Filters NONE Filters NONE Steam 1 RUN: 522de7fd-4e47-4b36-801d-93997b27d67e